| TOP OF THE 1ST |
|
New Hampshire Fisher Cats batting - Pitching for Bowie Baysox : RHP Sam Wilson
|
|
Pitching: RHP Sam Wilson
|
|
|
Batting: LHB Timo Gomez
|
0-0: Called Strike 0-1: Ball 1-1: Foul Ball, location: 2F 1-2: Foul Ball, location: 2F 1-2: Foul Ball, location: 2F 1-2: Ball 2-2: Foul Ball, location: 2F 2-2: Strikes out swinging
|
|
Batting: LHB Rodrigo Briceno
|
0-0: Ball 1-0: Fly out, F7 (Flyball, 78S, EV 92.5 MPH)
|
|
Batting: SHB Jack Andrews
|
0-0: Ball 1-0: SINGLE (Groundball, 4MD, EV 88.8 MPH) (infield hit)
|
|
Batting: RHB Butch Koglin
|
0-0: Ball Jack Andrews steals 2nd base 1-0: Ball 2-0: Ball 3-0: Called Strike 3-1: Base on Balls
|
|
Batting: RHB Scott Travis
|
0-0: Ball 1-0: Swinging Strike 1-1: Called Strike 1-2: Strikes out swinging
|
| Top of the 1st over - 0 runs, 1 hit, 0 errors, 2 left on base; New Hampshire 0 - Bowie 0 |
| BOTTOM OF THE 1ST |
|
Bowie Baysox batting - Pitching for New Hampshire Fisher Cats : RHP Josh Weinmann
|
|
Pitching: RHP Josh Weinmann
|
|
|
Batting: RHB Justin Usner
|
0-0: Ball 1-0: Ground out 1-3 (Groundball, P, EV 60.6 MPH)
|
|
Batting: RHB Jordan Wallace
|
0-0: Ball 1-0: Ball 2-0: Ground out 5-3 (Groundball, 5, EV 103.1 MPH)
|
|
Batting: LHB Matt Patnaude
|
0-0: Called Strike 0-1: Ball 1-1: Ball 2-1: Ball 3-1: Foul Ball, location: 2F 3-2: Foul Ball, location: 2F 3-2: Strikes out swinging
|
| Bottom of the 1st over - 0 runs, 0 hits, 0 errors, 0 left on base; New Hampshire 0 - Bowie 0 |
| TOP OF THE 2ND |
|
New Hampshire Fisher Cats batting - Pitching for Bowie Baysox : RHP Sam Wilson
|
|
Batting: LHB Tso-lin Fen
|
0-0: Ball 1-0: Called Strike 1-1: Fly out, F8 (Flyball, 8LM, EV 97.5 MPH)
|
|
Batting: RHB Matt Nycz
|
0-0: Ball 1-0: Foul Ball, location: 2F 1-1: Foul Ball, location: 2F 1-2: Strikes out swinging
|
|
Batting: RHB Bryan Peterson
|
0-0: Called Strike 0-1: Foul Ball, location: 2F 0-2: Ground out 5-3 (Groundball, 5S, EV 81.2 MPH)
|
| Top of the 2nd over - 0 runs, 0 hits, 0 errors, 0 left on base; New Hampshire 0 - Bowie 0 |
| BOTTOM OF THE 2ND |
|
Bowie Baysox batting - Pitching for New Hampshire Fisher Cats : RHP Josh Weinmann
|
|
Batting: RHB Edwin Ramos
|
0-0: Ball 1-0: Ball 2-0: Ball 3-0: Called Strike 3-1: Swinging Strike 3-2: Ground out 5-3 (Groundball, 56S, EV 88.8 MPH)
|
|
Batting: LHB Pat Shaddock
|
0-0: Swinging Strike 0-1: Ball 1-1: Ball 2-1: Ball 3-1: Base on Balls
|
|
Batting: LHB Andrew Erens
|
0-0: Ball 1-0: Foul Ball, location: 2F 1-1: Foul Ball, location: 2F 1-2: Foul Ball, location: 2F 1-2: Fly out, F9 (Flyball, 9, EV 89.4 MPH)
|
|
Batting: RHB Andrew Korman
|
0-0: Ball 1-0: Ball 2-0: Called Strike 2-1: Fielders Choice at 2nd, 5-4 (Groundball, 56, EV 82.5 MPH)
|
| Bottom of the 2nd over - 0 runs, 0 hits, 0 errors, 1 left on base; New Hampshire 0 - Bowie 0 |
| TOP OF THE 3RD |
|
New Hampshire Fisher Cats batting - Pitching for Bowie Baysox : RHP Sam Wilson
|
|
Batting: RHB Justin Powell
|
0-0: Called Strike 0-1: Swinging Strike 0-2: Ball 1-2: Strikes out swinging
|
|
Batting: LHB Timo Gomez
|
0-0: Called Strike 0-1: Ball 1-1: Ball 2-1: Swinging Strike 2-2: Foul Ball, location: 2F 2-2: Foul Ball, location: 2F 2-2: Ball 3-2: Base on Balls
|
|
Batting: LHB Rodrigo Briceno
|
0-0: Ball 1-0: Swinging Strike 1-1: Ball 2-1: Foul Ball, location: 2F 2-2: Ball 3-2: Foul Ball, location: 2F 3-2: Reached on error, E2 (Groundball, 13S, EV 69.4 MPH) Timo Gomez to second
|
|
Batting: SHB Jack Andrews
|
0-0: Called Strike 0-1: Foul Ball, location: 2F 0-2: Strikes out looking
|
|
Batting: RHB Butch Koglin
|
0-0: Ball 1-0: Ball 2-0: Ball 3-0: Called Strike 3-1: Fielders Choice at 2nd, 6-4 (Groundball, 6, EV 98.8 MPH)
|
| Top of the 3rd over - 0 runs, 0 hits, 1 error, 2 left on base; New Hampshire 0 - Bowie 0 |
| BOTTOM OF THE 3RD |
|
Bowie Baysox batting - Pitching for New Hampshire Fisher Cats : RHP Josh Weinmann
|
|
Batting: RHB Travis Carter
|
0-0: Ball 1-0: Ball 2-0: Called Strike 2-1: Ground out 5-3 (Groundball, 56, EV 103.1 MPH)
|
|
Batting: RHB Andy Chess
|
0-0: Called Strike 0-1: Foul Ball, location: 2F 0-2: Ball 1-2: Foul Ball, location: 2F 1-2: Ground out 5-3 (Groundball, 56, EV 93.1 MPH)
|
|
Batting: RHB Justin Usner
|
0-0: Fly out, F9 (Line Drive, 89M, EV 103.1 MPH)
|
| Bottom of the 3rd over - 0 runs, 0 hits, 0 errors, 0 left on base; New Hampshire 0 - Bowie 0 |
| TOP OF THE 4TH |
|
New Hampshire Fisher Cats batting - Pitching for Bowie Baysox : RHP Sam Wilson
|
|
Batting: RHB Scott Travis
|
0-0: Foul Ball, location: 2F 0-1: Ball 1-1: Foul Ball, location: 2F 1-2: Ball 2-2: Ground out 5-3 (Groundball, 56S, EV 85.6 MPH)
|
|
Batting: LHB Tso-lin Fen
|
0-0: Ball 1-0: Ball 2-0: Ball 3-0: Called Strike 3-1: Base on Balls
|
|
Batting: RHB Matt Nycz
|
0-0: Ball 1-0: Foul Ball, location: 2F 1-1: Ball Tso-lin Fen is caught stealing 2nd base 2-4 2-1: Foul Ball, location: 2F 2-2: Ball 3-2: Base on Balls
|
|
Batting: RHB Bryan Peterson
|
0-0: Called Strike Matt Nycz steals 2nd base (no throw) 0-1: Ball 1-1: Foul Ball, location: 2F 1-2: Ball 2-2: Ball 3-2: Foul Ball, location: 2F 3-2: SINGLE (Flyball, 34D, EV 91.9 MPH) Matt Nycz to third Runner from 3rd tries for Home, SAFE, throw by RF to home
|
|
Batting: RHB Justin Powell
|
0-0: Ball 1-0: Ball Wild Pitch! Bryan Peterson to second 2-0: Ball 3-0: Reached via error on a dropped throw from 1B, E1 (Groundball, 34S, EV 73.1 MPH) Bryan Peterson to third
|
|
Batting: LHB Timo Gomez
|
0-0: Called Strike 0-1: Ball 1-1: Called Strike 1-2: Ball 2-2: Foul Ball, location: 2F 2-2: Foul Ball, location: 2F 2-2: Ball 3-2: SINGLE (Groundball, 4MD, EV 101.2 MPH) Bryan Peterson scores Justin Powell to second Justin Powell to third
|
|
Batting: LHB Rodrigo Briceno
|
0-0: Swinging Strike 0-1: Foul Ball, location: 2F 0-2: Foul Ball, location: 2F 0-2: Strikes out swinging
|
| Top of the 4th over - 2 runs, 2 hits, 1 error, 2 left on base; New Hampshire 2 - Bowie 0 |
| BOTTOM OF THE 4TH |
|
Bowie Baysox batting - Pitching for New Hampshire Fisher Cats : RHP Josh Weinmann
|
|
Batting: RHB Jordan Wallace
|
0-0: Swinging Strike 0-1: Foul Ball, location: 2F 0-2: Strikes out swinging
|
|
Batting: LHB Matt Patnaude
|
0-0: Ball 1-0: DOUBLE (Line Drive, 7LS, EV 96.9 MPH)
|
|
Batting: RHB Edwin Ramos
|
0-0: Ball 1-0: Ball 2-0: Foul Ball, location: 2F 2-1: Fly out, F9 (Line Drive, 89D, EV 85.6 MPH)
|
|
Batting: LHB Pat Shaddock
|
0-0: Called Strike 0-1: Called Strike 0-2: Ball 1-2: Ball 2-2: Ball 3-2: Foul Ball, location: 2F 3-2: Base on Balls
|
|
Batting: LHB Andrew Erens
|
0-0: Ball 1-0: SINGLE (Groundball, 6S, EV 75.6 MPH) (infield hit) Matt Patnaude to third Pat Shaddock to second
|
|
Batting: RHB Andrew Korman
|
0-0: Ball 1-0: Ball 2-0: Ball 3-0: Base on Balls Matt Patnaude scores Pat Shaddock to third Andrew Erens to second
|
|
Batting: RHB Travis Carter
|
0-0: Swinging Strike 0-1: Ball 1-1: Ground out 4-3 (Groundball, 4, EV 88.1 MPH)
|
| Bottom of the 4th over - 1 run, 2 hits, 0 errors, 3 left on base; New Hampshire 2 - Bowie 1 |
| TOP OF THE 5TH |
|
New Hampshire Fisher Cats batting - Pitching for Bowie Baysox : RHP Sam Wilson
|
|
Pitching: RHP Brent Widder
|
|
|
Batting: SHB Jack Andrews
|
0-0: Called Strike 0-1: Called Strike 0-2: Ball 1-2: Foul Ball, location: 2F 1-2: Strikes out swinging
|
|
Batting: RHB Butch Koglin
|
0-0: Ball 1-0: Ball 2-0: Ball 3-0: Base on Balls
|
|
Batting: RHB Scott Travis
|
0-0: Ball 1-0: Called Strike 1-1: Ball 2-1: Foul Ball, location: 2F 2-2: Foul Ball, location: 2F 2-2: Ball 3-2: SINGLE (Popup, 2L, EV 96.2 MPH) Butch Koglin to second
|
|
Batting: LHB Tso-lin Fen
|
Balk! Butch Koglin to third Scott Travis to second 0-0: Called Strike 0-1: Fly out, F5 (Line Drive, 5, EV 67.5 MPH)
|
|
Batting: RHB Matt Nycz
|
0-0: DOUBLE (Line Drive, 9LS, EV 95.0 MPH) Butch Koglin scores Scott Travis scores
|
|
Batting: RHB Bryan Peterson
|
0-0: Swinging Strike 0-1: Swinging Strike 0-2: Ball 1-2: Ball Wild Pitch! Matt Nycz to third 2-2: Foul Ball, location: 2F 2-2: Foul Ball, location: 2F 2-2: SINGLE (Groundball, 4M, EV 100.0 MPH) Matt Nycz scores
|
|
Pitching: LHP Ryan Ayala
|
|
|
Batting: RHB Justin Powell
|
0-0: Ball 1-0: TRIPLE (Line Drive, 9LD, EV 112.5 MPH) Bryan Peterson scores
|
|
Batting: LHB Timo Gomez
|
0-0: Swinging Strike 0-1: Ball 1-1: Swinging Strike 1-2: Foul Ball, location: 2F 1-2: Strikes out swinging
|
| Top of the 5th over - 4 runs, 4 hits, 0 errors, 1 left on base; New Hampshire 6 - Bowie 1 |
| BOTTOM OF THE 5TH |
|
Bowie Baysox batting - Pitching for New Hampshire Fisher Cats : RHP Josh Weinmann
|
|
Batting: RHB Andy Chess
|
0-0: Foul Ball, location: 2F 0-1: Foul Ball, location: 2F 0-2: Reached via error on a dropped throw from 3B, E3 (Groundball, 56, EV 80.6 MPH)
|
|
Batting: RHB Justin Usner
|
0-0: Grounds into double play, 6-4-3 (Groundball, 6, EV 90.6 MPH)
|
|
Batting: RHB Jordan Wallace
|
0-0: Ball 1-0: Ground out 5-3 (Groundball, 56S, EV 83.1 MPH)
|
| Bottom of the 5th over - 0 runs, 0 hits, 1 error, 0 left on base; New Hampshire 6 - Bowie 1 |
| TOP OF THE 6TH |
|
New Hampshire Fisher Cats batting - Pitching for Bowie Baysox : LHP Ryan Ayala
|
|
Batting: LHB Rodrigo Briceno
|
0-0: SOLO HOME RUN (Flyball, 9D, EV 93.1 MPH), Distance : 367 ft
|
|
Batting: SHB Jack Andrews
|
0-0: Called Strike 0-1: Reached via error on a dropped throw from 1B, E1 (Groundball, 34, EV 84.4 MPH)
|
|
Batting: RHB Butch Koglin
|
0-0: Ball 1-0: Ball 2-0: Ball 3-0: Base on Balls Jack Andrews to second
|
|
Batting: RHB Scott Travis
|
0-0: Ball 1-0: Swinging Strike 1-1: Ball 2-1: Foul Ball, location: 2F 2-2: Ball 3-2: Strikes out swinging
|
|
Batting: LHB Tso-lin Fen
|
0-0: Ball 1-0: Ball 2-0: Fielders Choice at 2nd, 3-6 (Groundball, 34, EV 81.2 MPH) Jack Andrews to third
|
|
Batting: RHB Matt Nycz
|
0-0: Ball 1-0: Called Strike 1-1: Ball 2-1: Ball 3-1: Called Strike 3-2: Foul Ball, location: 2F 3-2: Base on Balls Tso-lin Fen to second
|
|
Batting: RHB Bryan Peterson
|
0-0: Called Strike 0-1: Ball 1-1: Foul Ball, location: 2F 1-2: Foul Ball, location: 2F 1-2: Ball 2-2: Fly out, F8 (Flyball, 8LM, EV 95.6 MPH)
|
| Top of the 6th over - 1 run, 1 hit, 1 error, 3 left on base; New Hampshire 7 - Bowie 1 |
| BOTTOM OF THE 6TH |
|
Bowie Baysox batting - Pitching for New Hampshire Fisher Cats : RHP Josh Weinmann
|
|
Batting: LHB Matt Patnaude
|
0-0: Foul Ball, location: 2F 0-1: Foul Ball, location: 2F 0-2: Ball 1-2: Ground out 2-3 (Groundball, 2L, EV 69.4 MPH)
|
|
Batting: RHB Edwin Ramos
|
0-0: Fly out, F9 (Line Drive, 9, EV 103.1 MPH)
|
|
Batting: LHB Pat Shaddock
|
0-0: Foul Ball, location: 2F 0-1: Ball 1-1: Ball 2-1: Ball 3-1: Called Strike 3-2: Base on Balls
|
|
Batting: LHB Andrew Erens
|
0-0: Ball 1-0: Ball Pat Shaddock is caught stealing 2nd base 2-6
|
| Bottom of the 6th over - 0 runs, 0 hits, 0 errors, 0 left on base; New Hampshire 7 - Bowie 1 |
| TOP OF THE 7TH |
|
New Hampshire Fisher Cats batting - Pitching for Bowie Baysox : LHP Ryan Ayala
|
|
Batting: RHB Justin Powell
|
0-0: Called Strike 0-1: Ground out 6-3 (Groundball, 6, EV 83.8 MPH)
|
|
Batting: LHB Timo Gomez
|
0-0: Ball 1-0: Swinging Strike 1-1: SINGLE (Groundball, 34D, EV 108.1 MPH)
|
|
Batting: LHB Rodrigo Briceno
|
0-0: Called Strike Timo Gomez is caught stealing 2nd base 2-6 0-1: Fly out, F7 (Flyball, 78M, EV 91.9 MPH)
|
| Top of the 7th over - 0 runs, 1 hit, 0 errors, 0 left on base; New Hampshire 7 - Bowie 1 |
| BOTTOM OF THE 7TH |
|
Bowie Baysox batting - Pitching for New Hampshire Fisher Cats : RHP Josh Weinmann
|
|
Batting: LHB Andrew Erens
|
0-0: DOUBLE (Line Drive, 7LM, EV 105.0 MPH)
|
|
Batting: RHB Andrew Korman
|
0-0: Foul Ball, location: 2F 0-1: SINGLE (Groundball, 4MD, EV 103.1 MPH) Andrew Erens to third Runner from 3rd tries for Home, throw by CF and OUT! 8-2
|
|
Batting: RHB Travis Carter
|
0-0: Ball 1-0: Called Strike 1-1: Ball 2-1: Foul Ball, location: 2F 2-2: Ball 3-2: Foul Ball, location: 2F 3-2: Base on Balls Andrew Korman to second
|
|
Batting: RHB Andy Chess
|
0-0: Ball 1-0: SINGLE (Groundball, 34D, EV 99.4 MPH) Andrew Korman to third Travis Carter to second Runner from 3rd tries for Home, SAFE, throw by RF to home
|
|
Pinch Hitting: LHB Wes Goscinski
|
0-0: Ball Wild Pitch! Travis Carter to third Andy Chess to second 1-0: Swinging Strike 1-1: Fly out, F9 (Flyball, 89M, EV 91.2 MPH) Runner from 3rd tags up, SCORES, throw by RF
|
|
Pinch Hitting: LHB Raul Rojas
|
0-0: Called Strike 0-1: Ground out 4-3 (Groundball, 4M, EV 106.2 MPH)
|
| Bottom of the 7th over - 2 runs, 3 hits, 0 errors, 1 left on base; New Hampshire 7 - Bowie 3 |
| TOP OF THE 8TH |
|
New Hampshire Fisher Cats batting - Pitching for Bowie Baysox : LHP Ryan Ayala
|
|
Pitching: LHP Taylor Sightler
|
|
|
Now at 3B: Tony Logan
|
|
|
Now in LF: James Betron
|
|
|
Batting: SHB Jack Andrews
|
0-0: DOUBLE (Line Drive, 89D, EV 107.5 MPH)
|
|
Batting: RHB Butch Koglin
|
0-0: Ball 1-0: Foul Ball, location: 2F 1-1: Ground out U3 (Groundball, 34, EV 83.8 MPH) Jack Andrews to third
|
|
Batting: RHB Scott Travis
|
0-0: Called Strike 0-1: Ball 1-1: Ball 2-1: Called Strike 2-2: Strikes out swinging
|
|
Batting: LHB Tso-lin Fen
|
0-0: Foul Ball, location: 2F 0-1: Called Strike 0-2: Fly out, F9 (Line Drive, 9S, EV 88.8 MPH)
|
| Top of the 8th over - 0 runs, 1 hit, 0 errors, 1 left on base; New Hampshire 7 - Bowie 3 |
| BOTTOM OF THE 8TH |
|
Bowie Baysox batting - Pitching for New Hampshire Fisher Cats : RHP Josh Weinmann
|
|
Now at 2B: Andres Lozano
|
|
|
Now at 3B: Jack Andrews
|
|
|
Now at SS: Matt Nycz
|
|
|
Batting: LHB Matt Patnaude
|
0-0: SINGLE (Groundball, 34D, EV 101.9 MPH)
|
|
Batting: RHB Edwin Ramos
|
0-0: Ball 1-0: Called Strike 1-1: Ball 2-1: Foul Ball, location: 2F 2-2: Ground out 6-3 (Groundball, 6S, EV 76.9 MPH) Matt Patnaude to second
|
|
Batting: LHB Pat Shaddock
|
0-0: Ground out 6-3 (Groundball, 6, EV 85.6 MPH) Matt Patnaude to third
|
|
Pitching: LHP Dylan Batstone
|
|
|
Pinch Hitting: RHB Ryan Taylor
|
0-0: Foul Ball, location: 2F 0-1: Foul Ball, location: 2F 0-2: Ball 1-2: Fly out, F5 (Popup, 5SF, EV 86.2 MPH)
|
| Bottom of the 8th over - 0 runs, 1 hit, 0 errors, 1 left on base; New Hampshire 7 - Bowie 3 |
| TOP OF THE 9TH |
|
New Hampshire Fisher Cats batting - Pitching for Bowie Baysox : LHP Taylor Sightler
|
|
Now in CF: Ryan Taylor
|
|
|
Batting: RHB Matt Nycz
|
0-0: Called Strike 0-1: Ball 1-1: Swinging Strike 1-2: Strikes out looking
|
|
Batting: RHB Bryan Peterson
|
0-0: Called Strike 0-1: Called Strike 0-2: Strikes out swinging
|
|
Batting: RHB Justin Powell
|
0-0: Foul Ball, location: 2F 0-1: Ball 1-1: Foul Ball, location: 2F 1-2: SINGLE (Groundball, 56S, EV 70.6 MPH) (infield hit)
|
|
Batting: LHB Timo Gomez
|
0-0: Called Strike 0-1: Ball 1-1: Foul Ball, location: 2F 1-2: DOUBLE (Flyball, 8LXD, EV 89.4 MPH) Justin Powell to third
|
|
Batting: LHB Rodrigo Briceno
|
0-0: Called Strike 0-1: Ball 1-1: Ball 2-1: Called Strike 2-2: SINGLE (Groundball, 34D, EV 93.8 MPH) Justin Powell scores Timo Gomez to third Runner from 3rd tries for Home, SAFE, throw by RF to home Rodrigo Briceno to second
|
|
Batting: SHB Jack Andrews
|
0-0: Called Strike 0-1: Ground out 6-3 (Groundball, 6, EV 97.5 MPH)
|
| Top of the 9th over - 2 runs, 3 hits, 0 errors, 1 left on base; New Hampshire 9 - Bowie 3 |
| BOTTOM OF THE 9TH |
|
Bowie Baysox batting - Pitching for New Hampshire Fisher Cats : LHP Dylan Batstone
|
|
Batting: RHB Andrew Korman
|
0-0: Called Strike 0-1: Swinging Strike 0-2: Strikes out swinging
|
|
Batting: RHB Travis Carter
|
0-0: Ball 1-0: Foul Ball, location: 2F 1-1: Foul Ball, location: 2F 1-2: Strikes out swinging
|
|
Batting: RHB Andy Chess
|
0-0: Ball 1-0: Foul Ball, location: 2F 1-1: Ball 2-1: Called Strike 2-2: Ball 3-2: Strikes out looking
|
| Bottom of the 9th over - 0 runs, 0 hits, 0 errors, 0 left on base; New Hampshire 9 - Bowie 3 |
|